 Dungeon Crawl Stone Soup version 0.23.1-37-gaa34b87 (webtiles) character file.

Game seed: 16966011185698151934

30 vishdafish the Skirmisher (level 3, 22/29 HPs)
             Began as a Demonspawn Fighter on Mar 23, 2019.
             Quit the game on level 2 of the Dungeon.
             The game lasted 00:00:43 (693 turns).

vishdafish the Skirmisher (Demonspawn Fighter)       Turns: 693, Time: 00:00:44

Health: 22/29      AC:  6    Str: 16    XL:     3   Next: 3%
Magic:  3/3        EV:  6    Int: 10    God:
Gold:   96         SH:  8    Dex: 12    Spells: 2/2 levels left

rFire    . . .     SeeInvis .   a - +0 war axe
rCold    . . .     Gourm    .   c - +0 shield
rNeg     . . .     Faith    .   b - +0 scale mail
rPois    .         Spirit   .   (no helmet)
rElec    .         Reflect  .   (no cloak)
rCorr    .         Harm     .   (no gloves)
MR       .....                  (no boots)
Stlth    ..........             (no amulet)
HPRegen  0.09/turn              (no ring)
MPRegen  0.08/turn              (no ring)

@: no status effects
A: demonic guardian 1, powered by pain 1
a: no special abilities


You were on level 2 of the Dungeon.
You were not hungry.

You visited 1 branch of the dungeon, and saw 2 of its levels.

You collected 96 gold pieces.

Inventory:

Hand Weapons
 a - a +0 war axe (weapon)
Armour
 b - a +0 scale mail (worn)
 c - a +0 shield (worn)
Scrolls
 i - 4 scrolls of identify {unknown}
 k - a scroll of remove curse {unknown}
 l - a scroll of teleportation {unknown}
 n - a scroll of immolation {unknown}
Potions
 d - a potion of might
 e - 3 potions of cancellation {unknown}
 g - 4 potions of heal wounds {unknown}
 h - a potion of curing {unknown}
 j - a potion of agility {unknown}
 m - a potion of flight {unknown}
Comestibles
 f - 2 rations


   Skills:
 + Level 3.4 Fighting
 * Level 2.8 Axes
 - Level 2.6 Armour
 - Level 2.6 Shields


You had 2 spell levels left.
You didn't know any spells.
Your spell library was empty.

Dungeon Overview and Level Annotations

Branches:
Dungeon (2/15)

Altars:


Innate Abilities, Weirdness & Mutations

A weak demonic guardian rushes to your aid.
You sometimes gain a little power by taking damage.


Message History

The hobgoblin hits you but does no damage.
The bat hits you but does no damage. The frilled lizard bites you.
The hobgoblin hits you but does no damage.
You closely miss the hobgoblin.
The hobgoblin is almost dead.
You closely miss the frilled lizard. You block the bat's attack.
The frilled lizard bites you. You block the hobgoblin's attack.
Unknown command.
You closely miss the hobgoblin.
The hobgoblin is almost dead.
You completely miss the bat. You hit the frilled lizard.
You kill the frilled lizard!
The bat hits you but does no damage.
The hobgoblin hits you with a cursed -3 club.
Unknown command.
You closely miss the hobgoblin.
The hobgoblin is almost dead.
You hit the bat. The bat hits you but does no damage.
You block the hobgoblin's attack. x2
Are you sure you want to abandon this character and quit the game? (Confirm with "yes".)

#.# #.# ######### #.#
#.......# # # #.#
#.####.## #.#. #.#
#.#<.#.# .... #.#
#.##)#.# ####..##.#
#>.....#
......)@.######..#.###
......g†.'.......#...#
#####..b.#######.###.#
#..#.# #....[# ##.#.#
####### ....# ..#..#
#...... .[.


You could see a hobgoblin and a bat.

Vanquished Creatures
  An adder (D:2)
  A leopard gecko (D:1)
  A bat (D:2)
  A giant cockroach (D:2)
  4 goblins
  2 hobgoblins (D:2)
  A jackal (D:1)
  A ball python (D:1)
  5 frilled lizards
  A kobold (D:1)
  2 rats (D:1)
20 creatures vanquished.

Notes
Turn   | Place    | Note
-------+----------+-------------------------------------------
     0 | D:1      | vishdafish the Demonspawn Fighter began the quest for the
                  | Orb.
     0 | D:1      | Reached XP level 1. HP: 18/18 MP: 1/1
   257 | D:1      | Gained mutation: You sometimes gain a little power by
                  | taking damage. [demonic ancestry]
   257 | D:1      | Reached XP level 2. HP: 17/24 MP: 2/2
   688 | D:2      | Gained mutation: A weak demonic guardian rushes to your
                  | aid. [demonic ancestry]
   688 | D:2      | Reached XP level 3. HP: 28/29 MP: 3/3
   693 | D:2      | Quit the game

Skill      XL: |  1 |
---------------+----+-----
Axes           | 2 |  2.8
Fighting       | |  3.4
Armour         | |  2.6
Shields        | |  2.6

Action                   || total
-------------------------++-------
Melee: War axe           ||    61
Armor: Scale mail        ||    33
Dodge: Dodged            ||    19
Block: Shield            ||    37
